 Dungeon Crawl Stone Soup version 0.32-a0-18-g89e19f1974 (webtiles) character file.

Game seed: 18037042360133443442

403 runemasterragnar the Ruffian (level 6, -6/76 HPs)
             Began as a Draconian Shapeshifter on Jan 16, 2024.
             Mangled by a gnoll
             ... wielding a +4 halberd
              (9 damage)
             ... on level 4 of the Dungeon.
             The game lasted 00:03:52 (2536 turns).

runemasterragnar the Ruffian (DrSh)                 Turns: 2536, Time: 00:03:52

Health: -6/76      AC: 23    Str: 19    XL:     6   Next: 55%
Magic:  6/6        EV:  2    Int: 10    God:
Gold:   177        SH:  0    Dex: 10    Spells: 5/5 levels left

rFire   . .          .
                       - Unarmed
rCold   . . .        (no shield)
rNeg    . . .        (body armour unavailable)
rPois   +            (helmet currently unavailable)
rElec   .            (cloak currently unavailable)
rCorr   .            (gloves currently unavailable)
SInv    +            (boots currently unavailable)
Will    .....        (no amulet)
Stlth   +            m - ring of see invisible
HPRegen 0.32/turn    j - +5 ring of evasion
MPRegen 0.10/turn

%: no passive effects
@: tree-form (expiring), weak-willed, very slow
A: stationary, stasis, torment immunity, boosted hp, AC +6, unfitting armour,
(cold-blooded)
a: no special abilities


You were on level 4 of the Dungeon.
You were a tree.
You visited 1 branch of the dungeon, and saw 4 of its levels.

You collected 177 gold pieces.

Inventory:

Missiles
 q - a throwing net
Armour
 i - a +0 pair of boots of rampaging (quivered)
Jewellery
 h - an amulet of guardian spirit
 j - a +5 ring of evasion (right branch)
 l - an amulet of magic regeneration
 m - a ring of see invisible (left branch)
Talismans
 b - a beast talisman
 c - a flux talisman
Scrolls
 e - 2 scrolls of teleportation
 g - 2 scrolls of noise
Potions
 d - a potion of curing
 k - a potion of magic
 r - a potion of heal wounds {unknown}


   Skills:
 + Level 3.3 Fighting
 + Level 3.2 Dodging
 * Level 5.2 Unarmed Combat
 + Level 4.0 Shapeshifting


You had 5 spell levels left.
You didn't know any spells.
Your spell library was empty.

Dungeon Overview and Level Annotations

Branches:
Dungeon (4/15)
 Temple: D:4-7

Altars:
Elyvilon

Shops:
D:2 (


Innate Abilities, Weirdness & Mutations

You are a tree.
Your roots penetrate the ground, keeping you stationary.
You cannot be teleported.
You are immune to unholy pain and torment.
Your maximum health is greatly increased.
Your equipment is partially melded.
((Your plain brown scales are hard. (AC +6)))
You cannot fit into any form of body armour.
((You are cold-blooded and may be slowed by cold attacks.))


Message History

You flicker back into view.
The gnoll hits you but does no damage. The gnoll hits you but does no damage.
The gnoll hits you but does no damage. The gnoll hits you but does no damage.
The gnoll hits you but does no damage. The gnoll barely misses you.
The gnoll hits you but does no damage. The gnoll hits you but does no damage.
The gnoll hits you but does no damage. The gnoll barely misses you.
The gnoll hits you from afar with a +4 halberd!
* * * LOW HITPOINT WARNING * * *
The gnoll hits you but does no damage. The gnoll hits you but does no damage.
The gnoll hits you from afar with a +4 halberd.
* * * LOW HITPOINT WARNING * * *
The gnoll hits you but does no damage.
The gnoll hits you from afar with a +4 halberd!
* * * LOW HITPOINT WARNING * * *
The gnoll hits you but does no damage. The gnoll completely misses you.
The giant cockroach bites you but does no damage.
The gnoll hits you from afar with a +4 halberd.
* * * LOW HITPOINT WARNING * * *
The giant cockroach bites you but does no damage.
The gnoll hits you but does no damage.
The giant cockroach bites you but does no damage.
The gnoll hits you but does no damage.
The giant cockroach bites you but does no damage.
Your transformation is almost over.
The gnoll hits you but does no damage.
The giant cockroach bites you but does no damage.
The gnoll's inner flame fades away.
The giant cockroach bites you but does no damage.
The gnoll hits you from afar with a +4 halberd.
* * * LOW HITPOINT WARNING * * *
The giant cockroach barely misses you.
The gnoll hits you from afar with a +4 halberd!
You die...

#....####.g...#####.####
**#.....gg####..........
###g##### #.......... #.#
#.......... #g#####
########### #)....#
****####g.# #### #
**~,,**#)~~# #..#######
*~~,,,*#♣†## #.......#.
*,~*~~~#≈B#***##......)..
*~~*~~~#≈~#..##...#######
*~~*~,~#≈~##.....## #
*,~*~∩~#≈~######.#
*~~*~,~#≈~# *..# ****
**~~*~,~#≈~# #.## *#...
*,,~**~,.~~# #.* **#..##
*~~,***,,,** #.***,.,**


You could see a gnoll (weak-willed) and a giant cockroach (inner flame,
weak-willed).

Vanquished Creatures
  Sigmund (D:2)
  An ogre (D:3)
  Robin (D:2)
  3 gnolls
  7 adders
  A dart slug (D:2)
  3 orcs
  6 ball pythons
  5 endoplasms
  6 giant cockroaches
  10 goblins
  9 hobgoblins
  2 quokkas
  5 bats
  A frilled lizard (D:3)
  6 kobolds
  3 rats
70 creatures vanquished.

Notes
Turn   | Place    | Note
-------+----------+-------------------------------------------
     0 | D:1      | runemasterragnar the Draconian Shapeshifter began the quest
                  | for the Orb.
     0 | D:1      | Reached XP level 1. HP: 16/16 MP: 1/1
   179 | D:1      | Reached XP level 2. HP: 18/23 MP: 2/2
   302 | D:1      | Reached XP level 3. HP: 21/29 MP: 3/3
   646 | D:2      | Noticed Robin
   668 | D:2      | Killed Robin
   988 | D:2      | Reached XP level 4. HP: 33/36 MP: 4/4
   996 | D:2      | Reached skill level 4 in Unarmed Combat
  1271 | D:2      | Noticed Sigmund
  1282 | D:2      | Killed Sigmund
  1283 | D:2      | Reached XP level 5. HP: 43/44 MP: 5/5
  1460 | D:2      | Found Wiotousi's Antique Weapon Boutique.
  1839 | D:3      | Noticed an ogre
  1847 | D:3      | Killed an ogre
  1848 | D:3      | Reached skill level 5 in Unarmed Combat
  1848 | D:3      | Reached XP level 6. HP: 51/51 MP: 6/6
  2147 | D:3      | Found a white marble altar of Elyvilon.
  2535 | D:4      | HP: 3/76 [gnoll/+4 halberd (4)]
  2536 | D:4      | Mangled by a gnoll

Illustrated notes

Levels and vault maps discovered:
D:1:      dpeg_arrival_rooms_b, layout_rooms
D:2:      kb_forest_paths, layout_basic, serial_shops, shop, uniq_robin,
          uniq_sigmund
D:3:      layout_loops_cross, nicolae_elyvilon_peaceful_grove
D:4:      layout_rooms, marbit_many_paths, gup_sewer_entry_pipe,
          chequers_hall_statues_corner_a

Skill      XL: |  1  2  3  4  5  6 |
---------------+-------------------+-----
Dodging        | 2 3 |  3.2
Fighting       | 2 3 |  3.3
Unarmed Combat | 4 5 |  5.2
Shapeshifting  | 4 |  4.0

Action                     |  1- 3 |  4- 6 || total
---------------------------+-------+-------++-------
  Melee: Unarmed           |    79 |   100 ||   179
         Tailslap          |    11 |    10 ||    21
         Punch             |     1 |       ||     1
    Use: Potion            |       |     3 ||     3
         Scroll            |       |     8 ||     8
 Armour: Skin              |    43 |   102 ||   145
  Dodge: Dodged            |    42 |    79 ||   121

Table legend: (Time is in decaauts)
 A = Elapsed time spent in this place.
 B = Non-inter-level travel time spent in this place.
 C = Inter-level travel time spent in this place.
 D = Time resting spent in this place.
 E = Time spent auto-exploring this place.
 F = Levels seen in this place.
 G = Mean time per level.
                   A        B        C        D        E       F      G
               +--------+--------+--------+--------+--------+-----+--------+
         Total |   2521 |   2459 |     62 |     77 |   1863 |   4 |  630.2 |
       Dungeon |   2521 |   2459 |     62 |     77 |   1863 |   4 |  630.2 |
               +--------+--------+--------+--------+--------+-----+--------+

Top non-repeatable levels by time:
     D:2: 1096 daAuts
     D:1: 633 daAuts
     D:3: 601 daAuts
     D:4: 188 daAuts
